 Dungeon Crawl Stone Soup version 0.25.1-2-g60ff931df9 (webtiles) character file.

Game seed: 10063766055550116037

597 pokeman the Magician (level 7, -6/39 HPs)
             Began as a Deep Elf Wizard on Oct 3, 2020.
             Mangled by an unseen horror (9 damage)
             ... on level 7 of the Dungeon.
             The game lasted 00:09:20 (3984 turns).

pokeman the Magician (Deep Elf Wizard)              Turns: 3984, Time: 00:09:21

Health: -6/39      AC:  3    Str:  4    XL:     7   Next: 17%
Magic:  18/19      EV: 12    Int: 25    God:
Gold:   198        SH:  0    Dex: 19    Spells: 9/20 levels left

rFire    . . .     SeeInvis .   (no weapon)
rCold    . . .     Gourm    .   (no shield)
rNeg     . . .     Faith    .   a - +0 leather armour {rPois}
rPois    +         Spirit   .   b - +0 hat
rElec    .         Reflect  .   (no cloak)
rCorr    .         Harm     .   (no gloves)
MR       .....                  (no boots)
Stlth    ++........             f - amulet of magic regeneration
HPRegen  0.13/turn              m - +6 ring of dexterity
MPRegen  0.41/turn              (no ring)

@: very slightly contaminated
A: no striking features
a: no special abilities


You were on level 7 of the Dungeon.
You were not hungry.

You visited 1 branch of the dungeon, and saw 6 of its levels.

You collected 198 gold pieces.

Inventory:

Missiles
 h - 32 bolts
Armour
 a - a +0 leather armour of poison resistance (worn)
 b - a +0 hat (worn)
Jewellery
 f - an amulet of magic regeneration (around neck)
 l - an uncursed amulet of faith {unknown}
 m - a +6 ring of dexterity (left hand)
Scrolls
 c - 4 scrolls of remove curse {unknown}
 g - a scroll of immolation {unknown}
 k - 3 scrolls of teleportation {unknown}
 n - 3 scrolls of enchant weapon {unknown}
 p - 3 scrolls of identify {unknown}
 q - 2 scrolls of noise {unknown}
 u - 3 scrolls of amnesia {unknown}
 y - 2 scrolls of blinking {unknown}
Potions
 e - 3 potions of heal wounds {unknown}
 i - a potion of stabbing {unknown}
 j - 2 potions of flight {unknown}
 o - a potion of mutation {unknown}
 r - 4 potions of curing
 s - 3 potions of might {unknown}
 t - a potion of brilliance {unknown}
 v - 2 potions of degeneration {unknown}
 w - a potion of ambrosia {unknown}
 x - a potion of resistance {unknown}
Comestibles
 d - 4 rations
 z - 2 chunks of flesh


   Skills:
 + Level 1.7 Fighting
 - Level 1.0 Armour
 - Level 3.0 Dodging
 - Level 3.0 Stealth
 * Level 7.4 Spellcasting
 * Level 4.7 Conjurations
 - Level 1.1 Summonings
 - Level 1.1 Translocations
 + Level 1.6 Fire Magic
 - Level 1.0 Air Magic
 - Level 1.0 Poison Magic


You had 9 spell levels left.
You knew the following spells:

 Your Spells              Type           Power        Failure   Level  Hunger
a - Magic Dart            Conj           ####         1%          1    None
b - Mephitic Cloud        Conj/Pois/Air  ###.....     13%         3    None
c - Call Imp              Summ           ##......     11%         2    None
d - Blink                 Tloc           N/A          11%         2    None
e - Conjure Flame         Conj/Fire      ####....     9%          3    None

Your spell library contained the following spells:

 Spells                   Type           Power        Failure   Level  Hunger
 Slow                     Hex            #.......     17%         2    None


Dungeon Overview and Level Annotations

Branches:
Dungeon (7/15)
 Temple: D:4-7

Altars:
Elyvilon
Makhleb
Okawaru
Qazlal
Zin


Message History

Something hits you.
* * * LOW HITPOINT WARNING * * *
Casting: Magic Dart (safe; 1% risk of failure)
Confirm with . or Enter, or press ? or * to list all spells.
The spell is quite dangerous to cast (13% risk of failure)!
Continue anyway?
Aiming: Mephitic Cloud (quite dangerous; 13% risk of failure)
Press: ? - help, Shift-Dir - straight line The ball explodes into a vile cloud!
The stinking cloud engulfs something but does no damage.
You hear a shout! x4
Something hits you!
* * * LOW HITPOINT WARNING * * *
Casting: Mephitic Cloud (quite dangerous; 13% risk of failure)
Confirm with . or Enter, or press ? or * to list all spells.
You miscast Call Imp.
You are very lightly contaminated with residual magic.
Nothing appears to happen.
There is an open door here.
Something hits you!
You die...

##...............#.#...
..................>#.##
######.########.###.# ......#
#...##÷# #.# #.## (.....#
#...##.# #.# #... .....#
#...##.## #.###### ##....#
#...##..# #.>.....
'....######...###.#######.#####.
#....##.......'@..........# #.
#....##.###...###.#######.# #.
#....##.# ##### #..# #.# #.
#....##.# ##.# #.#####.
#...÷##.# +# #....... ##...)).#
#.###### ######## #......<
#....... #.######


There were no monsters in sight!

Vanquished Creatures
  A phantom (D:7)
  A centaur (D:6)
  A hound (D:3)
  A bullfrog zombie (D:6)
  A jelly (D:6)
  An orc wizard (D:7)
  An orc priest (D:6)
  Natasha (twice) (D:3)
  An iguana (D:4)
  A hound skeleton (D:4)
  7 gnolls (D:6)
  3 adders
  3 worms
  6 leopard geckos
  9 orcs
  6 bats
  6 giant cockroaches
  8 goblins
  9 hobgoblins
  2 quokkas
  A ball python (D:1)
  6 frilled lizards
  7 kobolds
  A leopard gecko skeleton (D:7)
  A quokka skeleton (D:4)
  9 rats
95 creatures vanquished.

Vanquished Creatures (collateral kills)
  Terence (D:3)
1 creature vanquished.

Grand Total: 96 creatures vanquished

Notes
Turn   | Place    | Note
-------+----------+-------------------------------------------
     0 | D:1      | pokeman the Deep Elf Wizard began the quest for the Orb.
     0 | D:1      | Reached XP level 1. HP: 10/10 MP: 7/7
   533 | D:1      | Reached XP level 2. HP: 16/16 MP: 7/9
  1065 | D:1      | Reached skill level 5 in Spellcasting
  1229 | D:2      | Reached XP level 3. HP: 20/20 MP: 6/11
  1234 | D:2      | Learned a level 3 spell: Mephitic Cloud
  1237 | D:2      | Learned a level 2 spell: Call Imp
  1240 | D:2      | Learned a level 2 spell: Blink
  1244 | D:2      | Learned a level 3 spell: Conjure Flame
  1420 | D:2      | Reached skill level 1 in Fighting
  1420 | D:2      | Reached skill level 1 in Armour
  1872 | D:3      | Reached XP level 4. HP: 25/25 MP: 7/13
  1911 | D:3      | Noticed Terence
  1913 | D:3      | Noticed Natasha
  1982 | D:3      | Found a stormy altar of Qazlal.
  2018 | D:3      | Killed Natasha
  2052 | D:3      | Killed Terence
  2185 | D:3      | Noticed Natasha
  2189 | D:3      | Killed Natasha
  2189 | D:3      | Reached skill level 6 in Spellcasting
  2189 | D:3      | Reached skill level 1 in Fire Magic
  2189 | D:3      | Reached XP level 5. HP: 29/29 MP: 10/15
  2255 | D:3      | Found an iron altar of Okawaru.
  2323 | D:3      | Found a glowing silver altar of Zin.
  2405 | D:3      | Found a burning altar of Makhleb.
  2405 | D:3      | Found a white marble altar of Elyvilon.
  3012 | D:4      | You fall into a shaft and drop 3 floors!
  3108 | D:6      | Reached XP level 6. HP: 26/34 MP: 11/17
  3191 | D:6      | Reached skill level 1 in Air Magic
  3338 | D:6      | Reached skill level 7 in Spellcasting
  3338 | D:6      | Reached skill level 1 in Poison Magic
  3780 | D:7      | Reached XP level 7. HP: 28/39 MP: 9/19
  3973 | D:7      | HP: 1/39 [something (9)]
  3984 | D:7      | Mangled by an unseen horror

Illustrated notes

Levels and vault maps discovered:
D:1:      lightli_arrival_statuegarden, layout_loops_cross, skrybe_limestone_x
D:2:      layout_rooms
D:3:      layout_rooms, lemuel_crystal_altar, minitemple,
          chequers_decorated_corner, chequers_serial_rivers_large_b,
          st_stairs_7, okawaru_gym_becter, uniq_terence, uniq_natasha
D:4:      layout_rooms, grunt_tough_drop
D:6:      layout_basic, grunt_temple_overflow_open, serial_shops,
          nicolae_shop_statue_plus, gammafunk_ghost_icy, uniq_grinder,
          uniq_prince_ribbit1
D:7:      layout_basic, uniq_crazy_yiuf_cottage

Skill      XL: |  1  2  3  4  5  6 |
---------------+-------------------+-----
Spellcasting   | 5 6 7 |  7.4
Fighting       | 1 |  1.7
Armour         | 1 |  1.0
Conjurations   | 2 3 4 |  4.7
Fire Magic     | 1 |  1.6
Dodging        | 3 |  3.0
Stealth        | 3 |  3.0
Air Magic      | 1 |  1.0
Poison Magic   | 1 |  1.0
Summonings     | |  1.1
Translocations | |  1.1

Action                   |  1- 3 |  4- 6 |  7- 9 || total
-------------------------+-------+-------+-------++-------
Melee: Unarmed           |       |     7 |     2 ||     9
 Cast: Magic Dart        |   107 |   148 |     8 ||   263
       Mephitic Cloud    |       |    12 |     2 ||    14
       Conjure Flame     |       |     9 |     1 ||    10
       Call Imp          |       |     2 |       ||     2
       Blink             |       |     1 |       ||     1
 Stab: Confused          |       |     1 |     1 ||     2
  Eat: Chunk             |     3 |     5 |     1 ||     9
Armor: Robe              |     1 |       |       ||     1
       Leather armour    |     4 |     4 |     1 ||     9
Dodge: Dodged            |    10 |    19 |     3 ||    32
